 Dungeon Crawl Stone Soup version 0.30.1 (webtiles) character file.

Game seed: 12151042069867039061

35 howech the Chopper (level 3, 0/33 HPs)
             Began as a Minotaur Berserker on July 6, 2023.
             Was a Believer of Trog.
             Slain by an adder (3 damage)
             ... on level 2 of the Dungeon.
             The game lasted 00:02:57 (1105 turns).

howech the Chopper (Minotaur Berserker)             Turns: 1105, Time: 00:02:58

Health: 0/33       AC:  2    Str: 21    XL:     3   Next: 16%
Magic:  2/2        EV: 12    Int:  6    God:    Trog [**....]
Gold:   60         SH:  0    Dex:  9    Spells: 2/2 levels left

rFire   . . .        a - +0 hand axe
rCold   . . .        (no shield)
rNeg    . . .        b - +0 animal skin
rPois   .            (helmet restricted)
rElec   .            (no cloak)
rCorr   .            (no gloves)
SInv    .            (no boots)
Will    .....        (no amulet)
Stlth   +            (no ring)
HPRegen 0.25/turn    (no ring)
MPRegen 0.08/turn

%: no passive effects
@: lethally poisoned (0 -> -6)
A: horns 2, retaliatory headbutt
a: Renounce Religion, Berserk, Trog's Hand


You were on level 2 of the Dungeon.
You worshipped Trog.
Trog was pleased with you.
You visited 1 branch of the dungeon, and saw 2 of its levels.

You collected 60 gold pieces.

Inventory:

Hand Weapons
 a - a +0 hand axe (weapon)
 d - a +0 war axe
Armour
 b - a +0 animal skin (worn)
Scrolls
 c - 2 scrolls of immolation {unknown}
 h - a scroll of identify {unknown}
Potions
 e - a potion of flight {unknown}
 f - a potion of brilliance {unknown}
 g - a potion of heal wounds {unknown}


   Skills:
 + Level 3.7 Fighting
 * Level 4.2 Axes
 + Level 0.6 Throwing
 + Level 2.8 Armour
 + Level 2.4 Dodging
 + Level 0.7 Shields
 + Level 0.5 Evocations


You had 2 spell levels left.
You didn't know any spells.
Your spell library was empty.

Dungeon Overview and Level Annotations

Branches:
Dungeon (2/15)

Altars:

Shops:
D:1 :


Innate Abilities, Weirdness & Mutations

You have a pair of horns on your head.
You reflexively headbutt those who attack you in melee.


Message History

There is a stone staircase leading down here.
You open the door.
There is an open door here.
An adder comes into view.
Found a stone staircase leading up.
The adder hisses angrily.
Found a stone staircase leading up.
You barely miss the adder. Your headbutt misses the adder. The adder bites you.
You barely miss the adder. The adder bites you.
You are poisoned.
The adder poisons you! The adder bites you.
You are more poisoned.
The adder poisons you!
You closely miss the adder.
You feel very sick. The adder barely misses you.
You miss the adder.
You feel sick. The adder bites you. x2
You miss the adder. Your headbutt misses the adder.
You feel sick. The adder bites you but does no damage.
You closely miss the adder.
You feel sick. The adder barely misses you. The adder bites you.
You are more poisoned.
The adder poisons you!
You hit the adder. Your headbutt misses the adder.
The adder is moderately wounded.
You feel sick. The adder closely misses you.
You hit the adder.
You headbutt the adder, but do no damage.
The adder is heavily wounded.
You feel sick. The adder bites you.
* * * LOW HITPOINT WARNING * * *
You are lethally poisoned!
The adder poisons you!
You closely miss the adder.
The adder is heavily wounded.
* * * LOW HITPOINT WARNING * * *
You feel sick. The adder bites you.
* * * LOW HITPOINT WARNING * * *
The adder bites you.
You die...

#######.......#.##
#............
#............ #
#.#....###.. .#
#.###..# ....# ..#
#..# ...#
.#.###..###....#
...............<.
.#.#####..@###..#
#. #....S.#
#.#.......
#.#.#...<...
#.#.####.#.# ..#..
.... . #+# #.. .#


You could see an adder.

Vanquished Creatures
  A dart slug (D:1)
  A bat (D:1)
  6 endoplasms
  A giant cockroach (D:1)
  5 goblins (D:1)
  4 hobgoblins
  3 kobolds (D:1)
  4 ball pythons (D:1)
  A rat (D:1)
26 creatures vanquished.

Notes
Turn   | Place    | Note
-------+----------+-------------------------------------------
     0 | D:1      | howech the Minotaur Berserker began the quest for the Orb.
     0 | D:1      | Reached XP level 1. HP: 19/19 MP: 0/0
   123 | D:1      | Found Pytteho's Book Boutique.
   228 | D:1      | Reached XP level 2. HP: 27/27 MP: 1/1
   419 | D:1      | Reached skill level 4 in Axes
   716 | D:1      | Reached ** piety under Trog
   717 | D:1      | Reached XP level 3. HP: 33/33 MP: 2/2
  1062 | D:2      | Found a faded altar of an unknown god.
  1105 | D:2      | Slain by an adder

Illustrated notes

Levels and vault maps discovered:
D:1:      dpeg_arrival_castle, layout_loops_corners, serial_shops, shop,
          chequers_serial_rivers_micro_c
D:2:      minmay_spotlight, layout_basic, chequers_ecumenical_altar_island,
          minmay_misc_feat_more_columns, uniq_sigmund, uniq_natasha

Skill      XL: |  1  2 |
---------------+-------+-----
Axes           | 4 |  4.2
Fighting       | |  3.7
Throwing       | |  0.6
Armour         | |  2.8
Dodging        | |  2.4
Shields        | |  0.7
Evocations     | |  0.5

Action                     || total
---------------------------++-------
  Melee: Hand axe          ||    53
         Headbutt          ||     4
 Armour: Animal skin       ||     5
  Dodge: Dodged            ||    32
